 Dungeon Crawl Stone Soup version 0.30-a0-190-g22c9a3c0ff (webtiles) character file.

Game seed: 1678754770081935075

39316 Johnny the Gelid (level 14, 0/90 HPs)
             Began as an Octopode Ice Elementalist on Oct 4, 2022.
             Was an Initiate of Gozag.
             Slain by Saint Roka
             ... wielding a +2 battleaxe of venom
              (38 damage)
             ... on level 2 of the Orcish Mines.
             The game lasted 00:40:18 (19532 turns).

Johnny the Gelid (Octopode Ice Elementalist)       Turns: 19532, Time: 00:40:18

Health: 0/90       AC: 12    Str: 14    XL:     14   Next: 6%
Magic:  30/39      EV: 19    Int: 22    God:    Gozag
Gold:   2254       SH:  0    Dex: 12    Spells: 21/37 levels left

rFire   . . .      SeeInvis +    p - +2 quarterstaff (spect)
rCold   . . .      Faith    .    (shield currently unavailable)
rNeg    . . .      Spirit   .    s - +1 hat {SInv}
rPois   .          Reflect  .    y - amulet of magic regeneration
rElec   .          Harm     .    e - +4 ring of evasion
rCorr   +          Rampage  .    i - ring of magical power
Will    +....                    K - ring of resist corrosion
Stlth   +++++.....               F - +6 ring of strength
HPRegen 0.35/turn                (no ring)
MPRegen 0.66/turn                (no ring)
                                 (no ring)
                                 (no ring)

@: lethally poisoned (0 -> -14), ice-armoured
A: almost no armour, amphibious, 8 rings, camouflage 1, gelatinous body 1,
(nimble swimmer 1), tentacles
a: Renounce Religion, Potion Petition, Call Merchant, Bribe Branch


You were on level 2 of the Orcish Mines.
You worshipped Gozag.
Gozag was most pleased with you.
You visited 3 branches of the dungeon, and saw 16 of its levels.
You also visited: Bailey.

You collected 5066 gold pieces.
You spent 611 gold pieces at shops.
You paid 2201 gold pieces to Gozag.

Inventory:

Hand Weapons
 p - a +2 spectral quarterstaff (weapon)
Missiles
 H - 3 throwing nets
Armour
 s - a +1 hat of see invisible (worn)
 D - a +0 tower shield
Jewellery
 b - a ring of flight
 e - a +4 ring of evasion (left tentacle)
 i - a ring of magical power (right tentacle)
 l - an amulet of guardian spirit
 y - an amulet of magic regeneration (around mantle)
 F - a +6 ring of strength (on tentacle)
 K - a ring of resist corrosion (on tentacle)
Wands
 r - a wand of flame (23)
Scrolls
 a - 10 scrolls of teleportation
 c - 3 scrolls of immolation
 n - 4 scrolls of torment
 u - 2 scrolls of poison
 w - 2 scrolls of blinking
 B - a scroll of magic mapping
 E - 2 scrolls of vulnerability
 G - 2 scrolls of butterflies
 L - a scroll of enchant armour {unknown}
Potions
 d - 3 potions of mutation
 f - 2 potions of attraction {unknown}
 g - 6 potions of brilliance
 h - 5 potions of curing
 j - 2 potions of might
 k - 3 potions of ambrosia {unknown}
 m - 2 potions of berserk rage {unknown}
 q - 4 potions of lignification
 t - a potion of haste {unknown}
 v - 9 potions of flight
 x - 2 potions of magic
 z - 2 potions of heal wounds {unknown}
 A - a potion of invisibility
 C - a potion of cancellation {unknown}
 I - 12 potions of degeneration
 J - a potion of resistance {unknown}


   Skills:
 - Level 6.9 Fighting
 - Level 7.3 Dodging
 - Level 10.4 Stealth
 - Level 3.4 Shields
 + Level 12.1 Spellcasting
 * Level 16.2 Ice Magic


You had 21 spell levels left.
You knew the following spells:

 Your Spells              Type           Power      Damage    Failure   Level
a - Freeze                Ice            100%       1d11      0%          1
b - Frozen Ramparts       Ice            100%       1d16      1%          3
c - Ozocubu's Armour      Ice            71%        N/A       1%          3
d - Summon Ice Beast      Ice/Summ       49%        N/A       1%          4
e - Freezing Cloud        Conj/Ice/Air   18%        6-21      14%         5

Your spell library contained the following spells:

 Spells                   Type           Power      Damage    Failure   Level
 Dazzling Flash           Conj/Hex       26%        N/A       14%         3
 Summon Guardian Golem    Hex/Summ       13%        N/A       14%         3
 Iskenderun's Mystic Bla  Conj/Tloc      13%        2d5       43%         4
 Starburst                Conj/Fire      6%         6d4       100%        6
 Orb of Destruction       Conj           6%         9d6       100%        7
 Spellforged Servitor     Conj/Summ      6%         N/A       100%        7
 Polar Vortex             Ice            35%        N/A       100%        9
 Simulacrum               Ice/Necr       Unusable   N/A       N/A         6

Dungeon Overview and Level Annotations

Branches:
Dungeon (11/15)            Temple (0/1) D:7            Lair (3/5) D:8
 Spider (0/4) Lair:2          Orc (2/2) D:11            Elf (0/3) Orc:2
 Bailey (visited)
  Swamp: Lair:2-3    Shoals: Lair:2-3

Altars:
Dithmenos
Gozag
Makhleb
Okawaru
Qazlal
Vehumet
Wu Jian
Yredelemnul
The Shining One

Shops:
D:8 !*   Orc:1 *   Orc:2 **[:*(

Annotations:
D:3 exclusion: statue
D:11 3 runed translucent doors, zielscheibe's ghost, journeyman VSIE
Lair:3 Rupert
Orc:2 Saint Roka


Innate Abilities, Weirdness & Mutations

You cannot wear most types of armour.
You are amphibious.
You can wear up to eight rings at the same time.
Your skin changes colour to match your surroundings (Stealth+).
Your rubbery body absorbs attacks. (AC +1, EV +1)
((You are camouflaged when in or above water. (Stealth+)))
You have tentacles for arms and can constrict up to eight enemies at once.


Message History

Saint Roka is engulfed in freezing vapours.
Saint Roka hits you with a +2 battleaxe of venom.
Saint Roka hits your ice beast with a +2 battleaxe of venom!!
Casting: Summon Ice Beast (mildly dangerous; 1% risk of failure)
Confirm with . or Enter, or press ? or * to list all spells.
A film of ice covers your body!
Saint Roka is engulfed in freezing vapours.
Saint Roka invokes the aid of Beogh against you.
Beogh smites you!
Your ice beast hits Saint Roka but does no damage.
You sock Saint Roka! You grab Saint Roka.
You squeeze Saint Roka, but do no damage.
Saint Roka is lightly wounded.
Your +2 spectral quarterstaff hits Saint Roka!
You constrict Saint Roka, but do no damage.
Saint Roka is engulfed in freezing vapours.
Saint Roka hits you with a +2 battleaxe of venom!
You are poisoned.
Saint Roka misses your ice beast.
Saint Roka hits your +2 spectral quarterstaff with a +2 battleaxe of venom!!
Your spectral weapon shares its damage with you!
Your +2 spectral quarterstaff fades away.
Your ice beast hits Saint Roka but does no damage.
You hit Saint Roka.
Saint Roka is moderately wounded.
Your +2 spectral quarterstaff hits Saint Roka!
You constrict Saint Roka, but do no damage.
You feel very sick.
Saint Roka is engulfed in freezing vapours.
Saint Roka hits you with a +2 battleaxe of venom.
You are more poisoned.
Saint Roka hits your +2 spectral quarterstaff with a +2 battleaxe of venom!
Your spectral weapon shares its damage with you!
Saint Roka hits your ice beast with a +2 battleaxe of venom!
Your ice beast hits Saint Roka but does no damage.
Saint Roka is engulfed in freezing vapours.
Saint Roka says, "Down here, you're an orc or you're nobody."
Saint Roka hits you with a +2 battleaxe of venom!!!
You die...
Your body crumbles into a pile of gold.

##.######....##..
##.##..##
#####.#......###
#####.)#
#..........# ##<)
##.........# #[[
##...#....####
####.
##...###...##.##
##.#.#
#.....###......#
#.....
##......##.....##
##..#.#
#...##.####Y@###
#...#.# ##..####
#§(o.# ##.#...
#...# #..§§##
####..
##.###....§§o
#...
###......§#.#
##.# ......#...#
### ...... ∩...
#. ...... ..#.#
## ...... .#..#
##.


You could see Saint Roka (ally target), an orc (strong), a friendly ice beast
(summoned) and a friendly +2 spectral quarterstaff (summoned, wandering).

Vanquished Creatures
  Gastronok (D:8)
  2 orc warlords
  Snorg (Orc:2)
  A centaur warrior (D:10)
  A boulder beetle (D:10)
  2 two-headed ogres
  2 orc high priests
  Amaemon (D:8)
  8 orc knights
  A wizard (D:10)
  Pikel (D:7)
  5 orc sorcerers
  An ugly thing (D:9)
  2 elephants (Lair:2)
  3 black mambas
  Maggie (D:6)
  A gargoyle (D:11)
  5 cane toads
  An orange demon (D:8)
  A rime drake (Lair:2)
  2 komodo dragons
  5 trolls
  A hornet (D:10)
  Prince Ribbit (D:7)
  Grinder (D:3)
  2 culicivoras (Lair:2)
  A wraith (D:10)
  A wyvern (D:9)
  4 yaks
  Eustachio (D:5)
  2 vampire mosquitoes (D:10)
  Menkaure (D:5)
  7 wargs
  2 acid dragons (D:11)
  Duvessa (D:5)
  12 water moccasins
  A swamp drake (D:11)
  39 orc warriors
  3 black bears
  4 ogres
  14 wolves (Lair:2)
  6 centaurs
  A phantom (D:4)
  A lemure (D:7)
  Blork the orc (Orc:2)
  3 gnoll sergeants
  4 kobold brigands
  8 bullfrogs
  4 scorpions
  8 wights
  5 killer bees (D:9)
  Dowan (D:5)
  5 electric eels
  6 howler monkeys
  A hound (D:5)
  21 orc priests
  Crazy Yiuf (D:5)
  3 iguanas
  Ijyb (D:3)
  2 gnoll boudas
  Natasha (thrice) (D:2)
  Terence (D:3)
  22 orc wizards
  18 gnolls
  10 adders
  4 shadow imps
  3 white imps
  An ufetubus (D:5)
  2 worms
  2 dart slugs
  72 orcs
  9 bats
  6 endoplasms
  4 giant cockroaches
  15 goblins
  6 hobgoblins
  8 jackals
  31 kobolds
  2 quokkas
  4 ball pythons
  6 frilled lizards
  7 rats
464 creatures vanquished.

Vanquished Creatures (collateral kills)
  2 two-headed ogres
  A tengu warrior (D:10)
  An orc knight (Bailey)
  An elephant (Lair:2)
  Psyche (D:8)
  A troll (Orc:1)
  A hornet (Lair:2)
  A vampire (D:10)
  A wraith (D:10)
  A spriggan (Lair:2)
  5 orc warriors
  6 wolves
  A necrophage (D:6)
  A wight (D:6)
  5 hounds (D:8)
  3 orc priests
  A gnoll (D:9)
  10 orcs
  A goblin (D:8)
  4 kobolds
48 creatures vanquished.

Vanquished Creatures (others)
  An elephant (Lair:2)
  A wolf (D:8)
  An electric eel (D:8)
  4 demonic plants (D:7)
  10 fungi
  31 plants
48 creatures vanquished.

Grand Total: 560 creatures vanquished

Notes
Turn   | Place    | Note
-------+----------+-------------------------------------------
     0 | D:1      | Johnny the Octopode Ice Elementalist began the quest for
                  | the Orb.
     0 | D:1      | Reached XP level 1. HP: 11/11 MP: 3/3
   115 | D:1      | Reached XP level 2. HP: 10/18 MP: 3/5
   345 | D:1      | Reached XP level 3. HP: 17/22 MP: 4/6
   366 | D:1      | Reached skill level 1 in Fighting
   786 | D:2      | Noticed Natasha
   800 | D:2      | Killed Natasha
   801 | D:2      | Reached XP level 4. HP: 5/28 MP: 0/7
  1220 | D:2      | Noticed Natasha
  1230 | D:2      | Killed Natasha
  1445 | D:2      | Noticed Natasha
  1455 | D:2      | Killed Natasha
  1456 | D:2      | Reached XP level 5. HP: 34/34 MP: 5/9
  1678 | D:2      | Learned a level 3 spell: Frozen Ramparts
  1701 | D:3      | Noticed Ijyb
  1758 | D:3      | Killed Ijyb
  2026 | D:3      | Noticed Grinder
  2026 | D:3      | Noticed Terence
  2038 | D:3      | Paralysed by Grinder for 3 turns
  2043 | D:3      | Killed Grinder
  2044 | D:3      | Reached skill level 5 in Stealth
  2044 | D:3      | Reached skill level 5 in Ice Magic
  2044 | D:3      | Reached XP level 6. HP: 24/41 MP: 4/10
  2135 | D:3      | Killed Terence
  2217 | D:3      | Reached XP level 7. HP: 45/45 MP: 12/12
  2285 | D:3      | Found a burning altar of Makhleb.
  2408 | D:3      | Found a radiant altar of Vehumet.
  2990 | D:4      | Found an ornate altar of the Wu Jian Council.
  3137 | D:4      | Learned a level 3 spell: Ozocubu's Armour
  3158 | D:4      | You fall into a shaft and drop 1 floor!
  3158 | D:5      | Entered Level 5 of the Dungeon
  3272 | D:5      | Noticed Eustachio
  3307 | D:5      | Killed Eustachio
  3448 | D:5      | Reached XP level 8. HP: 54/54 MP: 4/14
  3619 | D:5      | Noticed Duvessa
  3619 | D:5      | Noticed Dowan
  3627 | D:5      | Killed Dowan
  3638 | D:5      | Killed Duvessa
  3784 | D:5      | Reached skill level 6 in Ice Magic
  4426 | D:5      | Noticed Menkaure
  4444 | D:6      | Reached skill level 5 in Dodging
  4568 | D:6      | Learned a level 4 spell: Summon Ice Beast
  4825 | D:6      | Reached XP level 9. HP: 42/60 MP: 5/16
  4947 | D:6      | Noticed Maggie
  4997 | D:5      | Killed Menkaure
  4998 | D:5      | Reached skill level 5 in Spellcasting
  5067 | D:5      | Found a shadowy altar of Dithmenos.
  5101 | D:5      | Found a runed translucent door.
  5102 | D:5      | Noticed Crazy Yiuf
  5110 | D:5      | Killed Crazy Yiuf
  5246 | D:4      | Reached skill level 5 in Fighting
  5591 | D:4      | Found an opulent altar of Gozag.
  5683 | D:4      | Became a worshipper of Gozag Ym Sagoz the Greedy
  5809 | D:6      | Killed Maggie
  6297 | D:6      | Reached skill level 7 in Ice Magic
  6484 | D:7      | Noticed Prince Ribbit
  6492 | D:7      | Killed Prince Ribbit
  6540 | D:7      | Found a staircase to the Ecumenical Temple.
  7106 | D:7      | Found a stormy altar of Qazlal.
  7229 | D:7      | Reached skill level 1 in Shields
  7437 | D:7      | Found a glowing golden altar of the Shining One.
  7443 | D:7      | Found a basalt altar of Yredelemnul.
  7445 | D:7      | Noticed a profane servitor
  7540 | D:7      | Noticed Pikel
  7547 | D:7      | Killed Pikel
  7548 | D:7      | Reached XP level 10. HP: 54/68 MP: 14/19
  8243 | D:7      | Noticed an angel
  8298 | D:8      | Noticed Psyche
  8314 | D:8      | Killed Psyche
  8321 | D:8      | Found a flagged portal.
  8349 | Bailey   | Entered a bailey
  8356 | Bailey   | Noticed an orc knight
  8381 | Bailey   | Noticed an orc knight
  8554 | Bailey   | Killed an orc knight
  8759 | Bailey   | Noticed an orc knight
  8765 | Bailey   | Reached skill level 10 in Stealth
  8772 | Bailey   | Killed an orc knight
  8777 | Bailey   | Reached skill level 8 in Ice Magic
  8790 | Bailey   | Killed an orc knight
  8970 | D:8      | Noticed Amaemon
  8970 | D:8      | Noticed a kobold demonologist
  9099 | D:9      | Learned a level 5 spell: Freezing Cloud
  9110 | D:9      | Noticed a white ugly thing
  9219 | D:8      | Noticed a two-headed ogre
  9239 | D:8      | Killed a two-headed ogre
  9240 | D:8      | Reached XP level 11. HP: 74/74 MP: 21/21
  9382 | D:9      | Killed a white ugly thing
  9383 | D:9      | Reached skill level 9 in Ice Magic
 10022 | D:8      | Found a staircase to the Lair.
 10145 | D:8      | Noticed Gastronok
 10160 | D:8      | Killed Gastronok
 10246 | D:8      | Killed Amaemon
 10503 | D:8      | Reached skill level 10 in Ice Magic
 10533 | D:8      | Bought a potion of invisibility for 136 gold pieces
 10533 | D:8      | Bought a potion of curing for 51 gold pieces
 10547 | Lair:1   | Entered Level 1 of the Lair of Beasts
 12009 | Lair:2   | Reached skill level 11 in Ice Magic
 12042 | Lair:2   | Reached XP level 12. HP: 54/80 MP: 25/25
 12611 | Lair:2   | Reached skill level 12 in Ice Magic
 13060 | Lair:2   | Reached skill level 10 in Spellcasting
 13607 | Lair:2   | Found a hole to the Spider Nest.
 13764 | Lair:3   | Noticed Rupert
 13864 | D:10     | Entered Level 10 of the Dungeon
 14462 | D:10     | Reached skill level 13 in Ice Magic
 14495 | D:10     | Noticed a boulder beetle
 14496 | D:10     | Noticed a centaur warrior
 14541 | D:10     | Killed a boulder beetle
 14590 | D:10     | Noticed a two-headed ogre
 14597 | D:10     | Killed a two-headed ogre
 14753 | D:10     | Noticed an ice dragon
 15056 | D:10     | Noticed a centaur warrior
 15056 | D:10     | Noticed a tengu warrior
 15064 | D:10     | Killed a tengu warrior
 15065 | D:10     | Reached XP level 13. HP: 59/85 MP: 27/27
 15313 | D:11     | Found a runed translucent gate.
 15313 | D:11     | Found a runed translucent gate.
 15313 | D:11     | Noticed zielscheibe's ghost (journeyman VSIE)
 15316 | D:11     | Found a runed translucent gate.
 15362 | D:11     | Reached skill level 14 in Ice Magic
 15999 | D:11     | Found an iron altar of Okawaru.
 16407 | D:11     | Found a staircase to the Orcish Mines.
 16645 | Orc:1    | Entered Level 1 of the Orcish Mines
 16653 | Orc:1    | Noticed an orc warlord
 16682 | Orc:1    | Killed an orc warlord
 17135 | Orc:1    | You fall into a shaft and drop 1 floor!
 17135 | Orc:2    | Entered Level 2 of the Orcish Mines
 17135 | Orc:2    | Found Otuumn's Assorted Antiques.
 17252 | Orc:1    | Reached skill level 15 in Ice Magic
 17577 | Orc:2    | Noticed Snorg
 17600 | Orc:2    | Killed Snorg
 17716 | Orc:2    | Noticed an orc warlord
 17788 | Orc:1    | Bought a tubular gilded ring for 130 gold pieces
 17788 | Orc:1    | Bought a scroll of teleportation for 78 gold pieces
 17788 | Orc:1    | Bought a lumpy pink potion for 23 gold pieces
 17788 | Orc:1    | Bought a sapphire potion for 23 gold pieces
 17788 | Orc:1    | Bought a scroll labelled YQUBEW JAJAA for 26 gold pieces
 18196 | Orc:2    | Noticed Blork the orc
 18199 | Orc:2    | Killed Blork the orc
 18432 | Orc:2    | Killed an orc warlord
 18714 | Orc:2    | Reached skill level 16 in Ice Magic
 18722 | Orc:2    | Reached XP level 14. HP: 65/90 MP: 30/30
 18885 | Orc:2    | Found Qoevurio's Book Shop.
 18958 | Orc:2    | Found Rasi's Antique Armour Shop.
 18999 | Orc:2    | Found Lagro's General Store.
 19005 | Orc:2    | Bought a potion of lignification for 36 gold pieces
 19005 | Orc:2    | Bought a scroll of teleportation for 36 gold pieces
 19005 | Orc:2    | Bought a potion of flight for 36 gold pieces
 19005 | Orc:2    | Bought a scroll of teleportation for 36 gold pieces
 19093 | Orc:2    | Found Plog's Antique Weapon Shop.
 19162 | Orc:2    | Found a staircase to the Elven Halls.
 19169 | Orc:2    | Noticed Saint Roka
 19518 | Orc:2    | Found Guwesah's Overcharged Wands.
 19532 | Orc:2    | Slain by Saint Roka

Illustrated notes

Levels and vault maps discovered:
D:1:      lemuel_arrival_broad_hall, layout_rooms
D:2:      layout_basic, minmay_circle_x, uniq_natasha
D:3:      layout_basic, vehumet_statue, mainiacjoe_overflow_tiny_flanked,
          nicolae_titane, uniq_ijyb, uniq_grinder, uniq_terence
D:4:      layout_loops_ring, mainiacjoe_overflow_paths,
          mainiacjoe_overflow_small_starburst
D:5:      layout_basic, grunt_dithmenos_smoke, uniq_crazy_yiuf_cottage,
          uniq_duvessa, uniq_menkaure, uniq_eustachio
D:6:      layout_basic, corexii_leaking_fountain, nicolae_hexahallways,
          uniq_maggie
D:7:      layout_layer_cave, mainiacjoe_overflow_chevrons,
          grunt_temple_overflow_holy_war, minmay_temple_entry_statues,
          serial_demonic, serial_demonic_g, serial_demonic_d, serial_demonic_g,
          serial_demonic_f, minmay_misc_feat_pillars, uniq_prince_ribbit1,
          uniq_pikel
D:8:      layout_cave_pools, erik_lair_island, enter_bailey_5,
          minmay_misc_feat_enclosed, uniq_gastronok, uniq_amaemon, uniq_psyche
D:9:      layout_rooms
D:10:     minmay_the_grid_3x3 [minmay_the_grid_plusring,
          minmay_the_grid_small_cups, minmay_the_grid_outer_circle,
          minmay_the_grid_large_cup, minmay_the_grid_tree,
          minmay_the_grid_dragon_a, minmay_the_grid_minigrid_medium,
          minmay_the_grid_spin_star, minmay_the_grid_prize_inner_circle],
          layout_basic
D:11:     layout_gridville, erik_orc_1, gammafunk_ghost_split, minivault_4,
          okawaru_metal_pillars_1_2
Lair:1:   layout_cave_shapes, cheibrodos_lair_reptile_den
Lair:2:   layout_cellular_growth, hellmonk_spider_entry_life_and_decay,
          minivault_27, minivault_11, grunt_forest_large_clearings
Lair:3:   gammafunk_boulding_lane, layout_small_grid, minmay_shoals_entry_hut,
          gammafunk_ghost_berserking_beasts, serial_bayou_shore_a, uniq_urug,
          uniq_rupert, uniq_fannar
Orc:1:    layout_caves
Orc:2:    grunt_orc_cross, layout_caves, serial_shops,
          nicolae_shop_hallway_plus, special_room,
          nicolae_shop_overcharged_wands, uniq_snorg, uniq_saint_roka

Skill      XL: |  1  2  3  4  5  6  7  8  9 10 11 12 13 |
---------------+----------------------------------------+-----
Stealth        | 3 4 5 6 7 9 10 | 10.4
Fighting       | 1 2 3 4 6 |  6.9
Dodging        | 3 4 5 6 7 |  7.3
Spellcasting   | 3 4 6 7 9 10 12 | 12.1
Ice Magic      | 5 6 7 8 11 13 16 | 16.2
Shields        | 1 3 |  3.4

Action                   |  1- 3 |  4- 6 |  7- 9 | 10-12 | 13-15 || total
-------------------------+-------+-------+-------+-------+-------++-------
Melee: Unarmed           |    81 |    40 |     9 |       |       ||   130
       Constrict         |    20 |    15 |    24 |    60 |    27 ||   146
       Tentacles         |    15 |     9 |    24 |    68 |    34 ||   150
       Punch             |       |     2 |     1 |     1 |     2 ||     6
       Quarterstaff      |       |       |    67 |   225 |   111 ||   403
 Cast: Freeze            |    31 |    35 |    56 |    27 |     1 ||   150
       Frozen Ramparts   |       |     2 |    24 |    48 |    17 ||    91
       Ozocubu's Armour  |       |       |    13 |    37 |    22 ||    72
       Summon Ice Beast  |       |       |     7 |    23 |    20 ||    50
       Freezing Cloud    |       |       |       |       |    63 ||    63
Invok: Call Merchant     |       |       |       |     2 |     1 ||     3
Evoke: Wand              |       |     3 |    14 |    32 |    25 ||    74
  Use: Potion            |       |     1 |     2 |     3 |     2 ||     8
       Scroll            |       |       |     5 |     7 |     6 ||    18
 Stab: Sleeping          |     5 |     7 |     8 |    12 |     2 ||    34
       Distracted        |       |       |     1 |     6 |     1 ||     8
Armor: Skin              |    12 |     3 |    17 |    35 |    27 ||    94
Dodge: Dodged            |   117 |    45 |   132 |   309 |   127 ||   730

Table legend: (Time is in decaauts)
 A = Elapsed time spent in this place.
 B = Non-inter-level travel time spent in this place.
 C = Inter-level travel time spent in this place.
 D = Time resting spent in this place.
 E = Time spent auto-exploring this place.
 F = Levels seen in this place.
 G = Mean time per level.
                   A        B        C        D        E       F      G
               +--------+--------+--------+--------+--------+-----+--------+
         Total |  19679 |  19160 |    519 |   5350 |   9374 |  17 | 1157.6 |
       Dungeon |  12929 |  12556 |    373 |   2753 |   6876 |  11 | 1175.4 |
          Lair |   3321 |   3189 |    132 |    931 |   1704 |   3 | 1107.0 |
  Orcish Mines |   2903 |   2889 |     14 |   1483 |    650 |   2 | 1451.5 |
        Bailey |    526 |    526 |      0 |    183 |    144 |   1 |  526.0 |
               +--------+--------+--------+--------+--------+-----+--------+

Top non-repeatable levels by time:
     D:7: 1800 daAuts
   Orc:2: 1747 daAuts
  Lair:2: 1712 daAuts
     D:5: 1625 daAuts
  Lair:1: 1486 daAuts
    D:10: 1429 daAuts
    D:11: 1380 daAuts
     D:6: 1242 daAuts
     D:3: 1173 daAuts
   Orc:1: 1156 daAuts
     D:2: 1003 daAuts
     D:8: 946 daAuts
     D:9: 874 daAuts
     D:4: 749 daAuts
     D:1: 703 daAuts
